Map: Newkirk Precinct TE (Void)

Players

Railgan - Winner!

  • Race: Zerg Zerg
  • League: Grandmaster
  • Spawn Location: 5:00

Tesserakt

  • Race: Zerg Zerg
  • League: Master
  • Spawn Location: 7:00

VOD

Have the link to the VOD?

Description

Time

  • Played on: March 13, 2017, 7:46 p.m.
  • Length: 19:30
Show
View Real Time Build Order
Export as new Build Order

Railgan Zerg - Winner!

Build Orders: Hatch First, Zergling Baneling 

Get SALT Encoding   

  12  0:01  Drone  
  13  0:13  Overlord  
  13  0:19  Drone  
  14  0:33  Drone x2  
  16  0:36  Drone  
  17  0:55  Hatchery  
  16  0:57  Drone  
  16  1:01  Drone  
  18  1:11  Extractor  
  18  1:16  Spawning Pool  
  18  1:18  Drone  
  17  1:22  Drone  
  18  1:28  Drone  
  19  1:39  Overlord  
  19  2:02  Zergling x4  
  19  2:03  Queen  
  19  2:07  Queen  
  19  2:08  Zergling x2  
  26  2:14  Metabolic Boost  
  26  2:21  Drone  
  27  2:31  Zergling x4  
  27  2:32  Zergling x2  
  30  2:39  Baneling Nest  
  30  2:41  Queen  
  29  2:54  Zergling x8  
  29  2:58  Zergling x2  
  29  3:04  Zergling x2  
  29  3:05  Zergling x2  
  28  3:15  Zergling x2  
  28  3:16  Zergling x2  
  28  3:21  Zergling x4  
  28  3:25  Baneling x3  
  31  3:27  Zergling x4  
  31  3:28  Baneling  
  31  3:31  Zergling x2  
  31  3:35  Zergling x2  
  32  3:42  Overlord  
  31  4:06  Hatchery  
  31  4:08  Baneling x4  
  30  4:13  Overlord  
  25  4:33  Zergling x2  
  25  4:37  Zergling x6  
  28  4:41  Zergling x4  
  29  4:49  Zergling x2  
  30  4:53  Baneling x7  
  30  5:02  Zergling x2  
  31  5:13  Drone  
  32  5:14  Zergling x2  
  32  5:15  Zergling x4  
  29  5:31  Zergling x6  
  29  5:35  Zergling x2  
  32  5:38  Baneling  
  32  5:39  Baneling x4, Zergling x2  
  33  5:45  Queen  
  33  5:49  Zergling x2  
  32  6:08  Baneling, Drone x5  
  34  6:12  Baneling  
  34  6:13  Drone  
  34  6:15  Drone  
  36  6:22  Baneling  
  35  6:33  Drone  
  35  6:39  Roach Warren  
  35  6:45  Drone x2  
  35  6:46  Drone  
  38  6:47  Drone x2  
  38  6:49  Drone  
  38  6:51  Overlord  
  39  7:18  Zergling x2  
  39  7:20  Roach x5  
  39  7:21  Overlord  
  39  7:22  Overlord  
  50  7:23  Drone  
  51  7:42  Roach  
  51  7:43  Roach x3  
  59  7:47  Hatchery  
  59  7:49  Zergling x8  
  62  7:53  Overlord  
  62  7:55  Baneling x2  
  62  7:56  Baneling  
  62  7:57  Zergling x2  
  63  8:00  Zergling x4  
  63  8:02  Zergling x2  
  66  8:12  Zergling x4  
  68  8:22  Baneling  
  68  8:23  Zergling x14  
  68  8:24  Zergling x2  
  75  8:37  Drone x2  
  75  8:38  Drone  
  75  8:40  Extractor  
  72  8:42  Evolution Chamber  
  65  8:49  Drone  
  65  8:54  Drone  
  65  8:55  Lair  
  66  8:59  Extractor  
  66  9:02  Drone x5, Overlord  
  70  9:05  Drone  
  70  9:07  Queen  
  73  9:22  Zerg Missile Weapons Level 1  
  73  9:23  Drone  
  73  9:24  Drone x4  
  78  9:27  Roach  
  78  9:29  Roach  
  82  9:31  Roach  
  82  9:36  Overlord  
  84  9:40  Roach  
  84  9:41  Extractor  
  85  9:46  Roach  
  85  9:49  Roach  
  89  9:55  Overlord  
  88  10:00  Overseer  
  87  10:07  Glial Reconstitution  
  87  10:09  Roach x3  
  92  10:17  Roach  
  92  10:18  Roach x3  
  100  10:24  Roach x3  
  100  10:26  Overlord  
  100  10:27  Overlord  
  105  10:38  Overlord  
  105  10:50  Spore Crawler  
  105  10:51  Hydralisk Den  
  105  10:52  Spore Crawler  
  105  10:53  Spore Crawler  
  98  11:00  Drone x4, Spore Crawler  
  98  11:01  Drone  
  102  11:08  Spore Crawler  
  101  11:12  Roach x7  
  115  11:24  Muscular Augments  
  115  11:25  Zerg Ground Armor Level 1  
  115  11:31  Overlord  
  116  11:32  Drone  
  116  11:33  Drone x3  
  118  11:52  Roach x3  
  118  11:53  Roach x2  
  119  11:58  Extractor  
  119  12:01  Hydralisk x4  
  118  12:04  Hydralisk  
  129  12:10  Overlord  
  129  12:11  Extractor  
  129  12:14  Hydralisk  
  114  12:18  Ravager x2  
  114  12:19  Ravager  
  114  12:21  Drone x3  
  120  12:23  Drone x2  
  120  12:24  Hydralisk, Drone x2  
  126  12:32  Overlord  
  126  12:33  Hydralisk  
  128  12:38  Hydralisk  
  130  12:47  Extractor  
  130  12:49  Hydralisk  
  131  12:53  Roach  
  131  12:56  Roach  
  135  13:00  Hatchery, Roach  
  136  13:10  Hydralisk  
  136  13:11  Hydralisk x3  
  136  13:12  Roach  
  146  13:20  Overlord x2  
  146  13:22  Overlord  
  144  13:38  Roach x3  
  144  13:40  Drone  
  151  13:53  Roach  
  151  13:54  Roach x8  
  169  13:57  Overlord x2  
  169  13:59  Zerg Missile Weapons Level 2  
  169  14:06  Overlord  
  169  14:15  Ravager x7  
  169  14:16  Roach  
  180  14:17  Roach x2  
  180  14:22  Roach x2  
  180  14:23  Roach  
  188  14:26  Roach  
  188  14:28  Roach  
  188  14:30  Roach  
  190  14:40  Roach x3  
  190  14:41  Roach  
  190  14:44  Roach  
  198  14:48  Ravager  
  199  15:05  Roach x3  
  185  15:23  Roach x7  
  193  15:36  Roach  
  193  15:46  Overlord  
  193  15:47  Overlord x2  
  189  15:52  Hatchery  
  188  16:03  Roach x4  
  188  16:04  Roach x5  
  186  16:09  Roach  
  186  16:10  Roach  
  165  16:15  Hydralisk  
  158  16:29  Roach  
  152  16:34  Ravager x6  
  152  16:35  Roach x4  
  166  16:42  Roach x3  
  172  16:51  Roach x2  
  168  16:58  Roach x2  
  168  17:02  Roach  
  144  17:08  Hydralisk  
  144  17:09  Hydralisk  
  144  17:14  Hydralisk  
  141  17:15  Roach  
  141  17:21  Roach  
  141  17:23  Roach  
  141  17:25  Roach  
  141  17:26  Roach  
  141  17:28  Roach x2  
  141  17:29  Roach  
  147  17:34  Roach x4  
  147  17:36  Hydralisk  
  155  17:43  Roach  
  148  17:52  Roach x2  
  148  17:57  Spire  
  148  17:58  Drone x3  
  153  18:00  Roach  
  153  18:01  Extractor x2, Roach x6  
  166  18:11  Hydralisk  
  163  18:13  Roach x3  
  157  18:40  Roach  
  153  18:46  Drone x2  
  153  18:50  Roach x2  
  157  18:59  Roach  
Show
View Real Time Build Order
Export as new Build Order

Tesserakt Zerg 

Build Orders: Pool First 

Get SALT Encoding   

  12  0:00  Drone  
  13  0:12  Extractor  
  12  0:24  Spawning Pool  
  11  0:29  Drone  
  11  0:34  Drone  
  13  0:45  Drone  
  14  0:51  Overlord  
  14  1:12  Zergling x4  
  14  1:15  Queen  
  18  1:22  Metabolic Boost  
  18  1:26  Zergling x2  
  18  1:30  Zergling x2  
  20  1:35  Zergling x2  
  21  1:44  Zergling x2  
  22  2:02  Hatchery  
  21  2:09  Overlord  
  21  2:14  Zergling x2  
  22  2:31  Zergling x8  
  26  2:37  Zergling x2  
  27  2:47  Zergling x2  
  28  2:54  Zergling x2  
  28  2:56  Zergling x4  
  29  3:02  Overlord  
  28  3:11  Zergling x2  
  28  3:15  Zergling x2  
  29  3:20  Zergling x2  
  29  3:25  Drone  
  31  3:33  Drone x3  
  32  3:45  Spine Crawler  
  32  3:47  Drone  
  32  3:48  Drone  
  33  4:09  Baneling Nest, Queen  
  28  4:41  Zergling x6  
  28  4:42  Queen  
  25  4:53  Zergling x4  
  25  4:54  Baneling x2  
  27  5:00  Drone  
  27  5:04  Drone  
  27  5:15  Drone x2  
  25  5:30  Zergling x8  
  29  5:37  Baneling x2  
  29  5:38  Zergling x4, Queen  
  33  5:47  Zergling x4  
  33  5:49  Baneling x2  
  35  5:56  Drone  
  35  6:07  Baneling  
  35  6:08  Drone x5  
  39  6:15  Baneling  
  39  6:25  Drone x5  
  44  6:32  Baneling x2  
  43  6:37  Overlord  
  41  6:47  Drone x2  
  41  6:49  Overlord  
  41  6:53  Extractor  
  42  6:56  Drone x5  
  46  7:18  Extractor, Lair, Drone x4  
  49  7:24  Baneling, Roach Warren, Evolution Chamber  
  49  7:25  Baneling  
  49  7:29  Drone x4  
  51  7:44  Overlord  
  51  7:49  Spine Crawler  
  50  7:53  Spine Crawler  
  50  7:55  Spine Crawler  
  45  8:06  Roach x6  
  45  8:10  Zerg Missile Weapons Level 1  
  56  8:21  Roach x4  
  64  8:38  Drone x7  
  62  8:58  Roach x3  
  62  8:59  Overlord x2  
  68  9:06  Overlord x2  
  68  9:13  Extractor  
  68  9:14  Drone  
  68  9:15  Overlord  
  68  9:16  Spire  
  67  9:26  Drone  
  67  9:29  Roach  
  67  9:30  Roach x5  
  80  9:32  Glial Reconstitution  
  80  9:39  Roach x2  
  84  9:48  Overseer  
  84  9:53  Overlord x2  
  84  10:02  Hatchery  
  82  10:33  Mutalisk x6  
  94  10:41  Hatchery  
  94  10:42  Unknown  
  93  10:55  Roach x8  
  109  11:07  Roach x4  
  117  11:17  Roach x3  
  123  11:23  Overlord x2  
  123  11:31  Overlord x2  
  123  11:41  Mutalisk x2  
  123  11:50  Roach x4  
  123  11:53  Drone  
  126  12:00  Drone x3  
  129  12:09  Drone x4  
  125  12:16  Drone x4  
  129  12:24  Zerg Missile Weapons Level 2  
  132  12:30  Extractor x2, Drone x3  
  130  12:40  Roach x4  
  138  12:46  Ravager x6  
  138  12:49  Ravager  
  138  12:50  Overlord  
  145  12:53  Roach x2  
  145  12:56  Roach  
  151  13:00  Roach x2  
  155  13:10  Roach  
  155  13:11  Roach x3  
  163  13:16  Overlord x2  
  163  13:32  Overlord x2  
  163  13:40  Overlord  
  161  13:41  Roach  
  161  13:42  Roach x4  
  161  13:46  Overlord  
  161  13:48  Roach x3  
  177  14:00  Hatchery  
  176  14:05  Roach x3  
  182  14:14  Roach x3  
  188  14:19  Roach  
  188  14:20  Roach  
  188  14:22  Overseer  
  188  14:24  Roach  
  194  14:38  Roach x4  
  200  15:04  Roach  
  200  15:05  Roach x4  
  200  15:12  Roach  
  194  15:18  Roach x7  
  198  15:24  Roach  
  198  15:42  Roach x5  
  199  15:55  Roach  
  199  16:02  Roach x12  
  196  16:05  Roach x2  
  196  16:08  Roach  
  151  16:19  Roach x4  
  151  16:22  Ravager x8  
  151  16:25  Roach  
  160  16:27  Roach  
  160  16:32  Roach x2  
  148  16:37  Roach x3  
  154  16:41  Roach  
  154  16:49  Roach x5  
  162  17:00  Roach  
  162  17:01  Roach x4  
  170  17:04  Mutalisk  
  170  17:08  Roach x2  
  139  17:14  Roach x3  
  120  17:18  Roach x3  
  112  17:22  Roach  
  112  17:23  Roach  
  112  17:27  Roach  
  112  17:28  Roach  
  110  17:38  Ravager x13  
  110  17:39  Roach x2  
  128  17:44  Roach x2  
  112  17:51  Roach x4  
  124  17:58  Roach x2  
  124  18:03  Roach  
  126  18:10  Roach x3  
  129  18:24  Roach  
  129  18:25  Roach x4  
  134  18:29  Roach x2  
  138  18:39  Roach  
  138  18:40  Roach x2  
  138  18:46  Roach x2  
  129  19:05  Roach x3  
  135  19:12  Hatchery  
Tags
 
Add a new tag
Caveats
  • Supply blocks, unpowered buildings, or Contaminate may cause inaccurate times.
  • Supply counts are checked every 10 seconds.